[Event "Elitserien 2019/2020, round 1-3"]
[Site "Uppsala University, Gamla torget, Uppsala, Sweden"]
[Date "2019.10.19"]
[Round "2.30"]
[White "Kucuksari, Kaan"]
[Black "Hjelm, Niclas"]
[Result "1/2-1/2"]
[TimeControl "90 minutes for 40 moves + 30 minutes for the rest of the game + 30 seconds per move from move one."]
[WhiteTitle "FM"]
[BlackTitle "FM"]
[WhiteFideId "6380166"]
[BlackFideId "1700502"]
[WhiteElo "2319"]
[BlackElo "2309"]

1. d4 d5 2. c4 c6 3. Nf3 Nf6 4. Qb3 e6 5. Bg5 Nbd7 6. Nbd2 Be7 7. e3 O-O 8. Bd3 c5 9. O-O cxd4 10.
exd4 dxc4 11. Nxc4 b6 12. Nce5 Bb7 13. Rac1 Nd5 14. Bxe7 Qxe7 15. Nc6 Bxc6 16. Rxc6 Nb4 17. Rc7 Nxd3 18.
Qxd3 Qd6 19. Rc3 h6 20. Rfc1 Rfd8 21. h3 a6 22. Qe4 Nf6 23. Qb7 Nd5 24. Rc8 Raxc8 25. Rxc8 a5 26. Ne5 Rxc8 27.
Qxc8+ Qf8 28. Qc6 g6 29. a3 Qe7 30. g3 Kg7 31. Kg2 h5 32. Nd7 Qd8 33. h4 Nf6 34. Nxf6 Kxf6 35. Qf3+ Ke7 36.
Qf4 Qd5+ 37. Kg1 Qc4 38. Qg5+ Ke8 39. Qf4 Ke7 40. Qg5+ Ke8 41. Qf4 Ke7 42. Qg5+ 1/2-1/2

[Event "Elitserien 2019/2020, round 1-3"]
[Site "Uppsala University, Gamla torget, Uppsala, Sweden"]
[Date "2019.10.19"]
[Round "2.31"]
[White "Namini, Armin"]
[Black "Jogstad, Martin"]
[Result "1/2-1/2"]
[TimeControl "90 minutes for 40 moves + 30 minutes for the rest of the game + 30 seconds per move from move one."]
[BlackTitle "FM"]
[WhiteFideId "1706322"]
[BlackFideId "1715364"]
[WhiteElo "2251"]
[BlackElo "2322"]

1. c4 c6 2. g3 d5 3. Nf3 Nf6 4. Bg2 Bf5 5. O-O e6 6. d3 dxc4 7. dxc4 Qxd1 8. Rxd1 Nbd7 9. Nc3 h6 10.
Bf4 Bc5 11. h3 g5 12. Bd2 a5 13. h4 Ng4 14. Be1 Nge5 15. hxg5 Nxf3+ 16. Bxf3 hxg5 17. Na4 Bb4 18. b3 Bxe1 19.
Rxe1 Ke7 20. Bg2 Bh3 21. Rad1 Rad8 22. Bh1 e5 23. Rd2 Be6 24. Red1 f5 25. Bg2 g4 26. f3 Rdg8 27. Kf2 f4 28.
gxf4 gxf3 29. Bxf3 exf4 30. Rh1 Rxh1 31. Bxh1 Rg3 32. Rd4 Rh3 33. Bg2 Rh4 34. Rd1 Kf6 35. Rh1 Rxh1 36. Bxh1 Ke5 37. e3 Bf5 38. exf4+ Kxf4 39. Bg2 Bb1 40.
Nc3 Bd3 41. Na4 Bb1 42. Nc3 Bd3 43. Na4 Bf5 44. Nc3 Nc5 45. Ne2+ Ke5 46. Ke3 Nd3 47. Nd4 Nb4 48. a3 Nc2+ 49.
Nxc2 Bxc2 50. b4 axb4 51. axb4 Bf5 52. Bf3 Bh3 53. Be2 Bg2 54. Bd3 b6 55. Be2 Be4 56. Bf1 c5 57. bxc5 bxc5 58.
Be2 Bg6 59. Bf1 Bf7 1/2-1/2

[Event "Elitserien 2019/2020, round 1-3"]
[Site "Uppsala University, Gamla torget, Uppsala, Sweden"]
[Date "2019.10.19"]
[Round "2.32"]
[White "Lundberg, David"]
[Black "Jaderberg, Bjorn"]
[Result "1-0"]
[TimeControl "90 minutes for 40 moves + 30 minutes for the rest of the game + 30 seconds per move from move one."]
[WhiteFideId "1707051"]
[BlackFideId "1712403"]
[WhiteElo "2205"]
[BlackElo "2154"]

1. e4 d6 2. d4 Nf6 3. Nc3 e5 4. Nge2 exd4 5. Nxd4 Be7 6. f3 O-O 7. Bf4 Nh5 8. Be3 Bg5 9. Qd2 Bxe3 10.
Qxe3 Nc6 11. O-O-O Nxd4 12. Qxd4 Qg5+ 13. Kb1 Be6 14. g3 Qa5 15. Be2 b5 16. f4 Nf6 17. g4 c5 18. Qd3 b4 19.
Nd5 Bxd5 20. exd5 Rfc8 21. Qc4 Nd7 22. Rhe1 Re8 23. g5 a6 24. Qb3 Nb6 25. f5 Re5 26. f6 Rae8 27. Qf3 c4 28.
fxg7 Re3 29. Qf2 c3 30. Bh5 1-0

[Event "Elitserien 2019/2020, round 1-3"]
[Site "Uppsala University, Gamla torget, Uppsala, Sweden"]
[Date "2019.10.20"]
[Round "3.1"]
[White "Hillarp Persson, Tiger"]
[Black "Haitin, Ilja"]
[Result "1/2-1/2"]
[TimeControl "90 minutes for 40 moves + 30 minutes for the rest of the game + 30 seconds per move from move one."]
[WhiteTitle "GM"]
[BlackTitle "FM"]
[BlackFideId "4501764"]
[WhiteElo "2558"]
[BlackElo "2324"]

1. c4 e6 2. Nc3 d5 3. d4 a6 4. cxd5 exd5 5. Bf4 Nf6 6. e3 Bd6 7. Bg5 c6 8. Bd3 Be6 9. Nge2 Nbd7 10.
Qd2 Qc7 11. Bf4 Nh5 12. Bxd6 Qxd6 13. f3 c5 14. dxc5 Qxc5 15. Nd4 Nhf6 16. Rc1 Qb6 17. Nce2 O-O 18. Nf4 Ne5 19. O-O Rac8 20.
b3 a5 21. h4 Bd7 22. Rxc8 Rxc8 23. Rc1 Rc5 24. Rxc5 Qxc5 25. Kf2 Nc6 26. Be2 Nxd4 27. exd4 Qd6 28. g3 b6 29. Qe3 Be6 30.
Qe5 Qxe5 31. dxe5 Nd7 32. Nxe6 fxe6 33. f4 Nc5 34. Ke3 Ne4 35. g4 Nc3 36. a3 Nxe2 37. Kxe2 g6 38. Kd3 Kf7 39. Kd4 Ke7 40. Kc3 Kf7 41.
b4 axb4+ 42. axb4 h5 43. g5 Ke7 44. Kd3 Kf7 1/2-1/2

[Event "Elitserien 2019/2020, round 1-3"]
[Site "Uppsala University, Gamla torget, Uppsala, Sweden"]
[Date "2019.10.20"]
[Round "3.2"]
[White "Krupenski, Juri"]
[Black "Smith, Axel"]
[Result "0-1"]
[TimeControl "90 minutes for 40 moves + 30 minutes for the rest of the game + 30 seconds per move from move one."]
[WhiteTitle "IM"]
[BlackTitle "GM"]
[WhiteFideId "4501101"]
[BlackFideId "1707930"]
[WhiteElo "2399"]
[BlackElo "2461"]

1. d4 Nf6 2. c4 c5 3. d5 b5 4. Nf3 Bb7 5. Qc2 bxc4 6. e4 e6 7. Nc3 exd5 8. e5 Ng8 9. Bg5 Be7 10.
h4 f6 11. exf6 Nxf6 12. O-O-O d4 13. Bxf6 gxf6 14. Qf5 Qb6 15. Nd5 Bxd5 16. Qxd5 c3 17. b3 Nc6 18. Bd3 O-O-O 19. Rde1 Nb4 20.
Qc4 d5 21. Qb5 Bd6 22. Kb1 Kc7 23. Re6 c4 24. Qxb6+ Kxb6 25. Bf5 d3 26. a3 Nc2 27. Ka2 Rhe8 28. Rb1 Rxe6 29. Bxe6 Nxa3 30.
Rh1 Bc5 31. Rc1 d2 32. Rf1 Bb4 33. bxc4 dxc4 0-1

[Event "Elitserien 2019/2020, round 1-3"]
[Site "Uppsala University, Gamla torget, Uppsala, Sweden"]
[Date "2019.10.20"]
[Round "3.3"]
[White "Haldorsen, Benjamin"]
[Black "Linusson, Pelle"]
[Result "1-0"]
[TimeControl "90 minutes for 40 moves + 30 minutes for the rest of the game + 30 seconds per move from move one."]
[WhiteTitle "IM"]
[WhiteFideId "1512633"]
[BlackFideId "1709062"]
[WhiteElo "2440"]
[BlackElo "2231"]

1. e4 c5 2. Nc3 Nc6 3. Bb5 Nd4 4. Nf3 e6 5. O-O Qf6 6. Nxd4 cxd4 7. Ne2 Bc5 8. d3 Ne7 9. Qe1 O-O 10. Ba4 d5 11. Ng3 Qg6 12.
Bf4 h5 13. b4 Bb6 14. Bd6 Bd8 15. e5 a6 16. Ne2 b5 17. Bb3 Bd7 18. Nxd4 Re8 19. a4 Bb6 20. Bc5 Bxc5 21. bxc5 Rac8 22.
axb5 Bxb5 23. Qc3 Qg4 24. h3 Qf4 25. Rfe1 Red8 26. g3 Qg5 27. h4 Qg4 28. Kh2 Nf5 29. Nxf5 Qxf5 30. Qd4 Rd7 31.
Rg1 Rdc7 32. g4 hxg4 33. Rxg4 Kf8 34. Rag1 g6 35. Rf4 Qh5 36. Rg5 Qh6 37. Qb4 Kg8 38. d4 Rb7 39. Kg3 Kh7 40.
Rf6 Ra8 41. Qa5 Be8 42. Kg4 Rab8 43. Qxa6 Rb4 44. Rf4 Qf8 45. h5 Qe7 46. hxg6+ fxg6 47. Qd6 Qg7 48. Kg3 1-0

[Event "Elitserien 2019/2020, round 1-3"]
[Site "Uppsala University, Gamla torget, Uppsala, Sweden"]
[Date "2019.10.20"]
[Round "3.4"]
[White "Andersson, Tommy"]
[Black "Antonsen, Mikkel"]
[Result "1/2-1/2"]
[TimeControl "90 minutes for 40 moves + 30 minutes for the rest of the game + 30 seconds per move from move one."]
[WhiteTitle "IM"]
[BlackTitle "IM"]
[WhiteFideId "1703803"]
[BlackFideId "1401378"]
[WhiteElo "2391"]
[BlackElo "2388"]

1. d4 d5 2. c4 e6 3. Nc3 Nf6 4. Nf3 c5 5. e3 dxc4 6. Bxc4 a6 7. O-O b5 8. Bb3 Bb7 9. Qe2 Nbd7 10.
Rd1 Qc7 11. e4 cxd4 12. Nxd4 Bc5 13. Be3 O-O 14. Rac1 Qb6 15. f3 Rfd8 1/2-1/2

[Event "Elitserien 2019/2020, round 1-3"]
[Site "Uppsala University, Gamla torget, Uppsala, Sweden"]
[Date "2019.10.20"]
[Round "3.5"]
[White "Ahlander, Bjorn"]
[Black "Larsson, Victor"]
[Result "1-0"]
[TimeControl "90 minutes for 40 moves + 30 minutes for the rest of the game + 30 seconds per move from move one."]
[WhiteTitle "IM"]
[WhiteFideId "1700251"]
[BlackFideId "1707019"]
[WhiteElo "2395"]
[BlackElo "2201"]

1. d4 d5 2. c4 e6 3. Nc3 Be7 4. Nf3 Nf6 5. g3 O-O 6. Bg2 dxc4 7. Ne5 Nc6 8. Bxc6 bxc6 9. Nxc6 Qe8 10.
Nxe7+ Qxe7 11. Qa4 c5 12. dxc5 Qxc5 13. Be3 Qh5 14. O-O-O Nd5 15. Qa5 Bb7 16. f3 Qg6 17. Bd4 Rfc8 18.
e4 Nb6 19. Bxb6 axb6 20. Qxb6 Bc6 21. Rd6 Be8 22. Rhd1 Qh5 23. Qf2 Qa5 24. R1d2 h6 25. h4 Rab8 26. g4 Ba4 27. Qd4 Kh7 28.
f4 Bb3 29. Rd7 Kg8 30. Qa7 1-0

[Event "Elitserien 2019/2020, round 1-3"]
[Site "Uppsala University, Gamla torget, Uppsala, Sweden"]
[Date "2019.10.20"]
[Round "3.6"]
[White "Persson, Mats"]
[Black "Jogstad, Martin"]
[Result "1/2-1/2"]
[TimeControl "90 minutes for 40 moves + 30 minutes for the rest of the game + 30 seconds per move from move one."]
[WhiteTitle "FM"]
[BlackTitle "FM"]
[WhiteFideId "1708333"]
[BlackFideId "1715364"]
[WhiteElo "2283"]
[BlackElo "2322"]

1. e4 c5 2. Nf3 e6 3. Nc3 Nc6 4. g3 Nf6 5. Bg2 d5 6. exd5 Nxd5 7. Nxd5 Qxd5 8. O-O Be7 9. Re1 Qd8 10.
d3 O-O 11. Nd2 Bd7 12. Nc4 Rc8 13. a4 b6 14. Bf4 Be8 15. c3 a6 16. Qc2 b5 17. axb5 axb5 18. Ne5 Nxe5 19. Bxe5 Bc6 20.
Be4 Bxe4 21. dxe4 Qb6 22. Red1 Rfd8 23. Rxd8+ Rxd8 24. Rd1 h6 25. Rxd8+ Qxd8 26. c4 b4 27. b3 Bf6 28. Bxf6 Qxf6 29.
Kg2 g5 30. Qe2 Qd4 31. Qf3 Kg7 32. h3 Kg6 33. h4 Qc3 34. hxg5 hxg5 35. Qd1 Qe5 36. Qf3 Qd4 37. Qe2 Kf6 38.
f4 gxf4 39. gxf4 e5 40. Qf3 Qd2+ 41. Kg3 Qe1+ 42. Kg2 Ke6 43. Qd3 exf4 44. Qd5+ Kf6 45. Qf5+ Kg7 46. Qg5+ Kh7 47. Qh5+ Kg7 48. Qg5+ Kh7 49. Qh5+ Kg7 50.
Qg5+ 1/2-1/2

[Event "Elitserien 2019/2020, round 1-3"]
[Site "Uppsala University, Gamla torget, Uppsala, Sweden"]
[Date "2019.10.20"]
[Round "3.7"]
[White "Mauritsson, Sebastian"]
[Black "Andersson, Bjorn"]
[Result "1-0"]
[TimeControl "90 minutes for 40 moves + 30 minutes for the rest of the game + 30 seconds per move from move one."]
[WhiteTitle "FM"]
[BlackTitle "FM"]
[WhiteFideId "1707892"]
[BlackFideId "1702114"]
[WhiteElo "2339"]
[BlackElo "2162"]

1. e4 c5 2. Nf3 Nc6 3. d4 cxd4 4. Nxd4 Nf6 5. Nc3 e5 6. Ndb5 d6 7. Bg5 a6 8. Na3 b5 9. Bxf6 gxf6 10.
Nd5 Bg7 11. c3 Ne7 12. Nxe7 Qxe7 13. Nc2 O-O 14. Ne3 Qb7 15. Qf3 Be6 16. Bd3 Rfd8 17. O-O Rac8 18. Rfd1 Rc5 19. h3 Kf8 20.
Bc2 b4 21. cxb4 Qxb4 22. b3 Ke7 23. Bd3 Qb6 24. Bc4 Bh6 25. Nf5+ Bxf5 26. Qxf5 Bf4 27. Rd3 Rg8 28. Qxh7 Rxc4 29.
bxc4 Qb8 30. Rb3 1-0

[Event "Elitserien 2019/2020, round 1-3"]
[Site "Uppsala University, Gamla torget, Uppsala, Sweden"]
[Date "2019.10.20"]
[Round "3.8"]
[White "Fraenkel, Mikael"]
[Black "Kucuksari, Kaan"]
[Result "0-1"]
[TimeControl "90 minutes for 40 moves + 30 minutes for the rest of the game + 30 seconds per move from move one."]
[BlackTitle "FM"]
[WhiteFideId "1706985"]
[BlackFideId "6380166"]
[WhiteElo "2040"]
[BlackElo "2319"]

1. e4 c5 2. Nf3 e6 3. d3 d5 4. Nbd2 Nc6 5. g3 g6 6. Bg2 Bg7 7. O-O Nge7 8. Re1 O-O 9. Qe2 b5 10.
Nf1 b4 11. h4 dxe4 12. dxe4 e5 13. c3 a5 14. Ne3 Ba6 15. Nc4 a4 16. Bg5 Na5 17. Nfd2 a3 18. b3 bxc3 19. Nb1 f6 20.
Be3 Nxc4 21. bxc4 Qa5 22. Qc2 Bxc4 23. Qxc3 Qxc3 24. Nxc3 Rfc8 25. Rec1 Bf8 26. Nd1 Be6 27. Bxc5 Nc6 28.
Bxf8 Kxf8 29. Ne3 Nd4 30. Rxc8+ Rxc8 31. Nd5 Bxd5 32. exd5 Rc1+ 33. Rxc1 Ne2+ 34. Kf1 Nxc1 35. d6 Nxa2 36. Bd5 Nb4 37. Bc4 a2 38.
Bxa2 Nxa2 39. Ke2 Kf7 0-1

[Event "Elitserien 2019/2020, round 1-3"]
[Site "Uppsala University, Gamla torget, Uppsala, Sweden"]
[Date "2019.10.20"]
[Round "3.9"]
[White "Westerberg, Jonathan"]
[Black "Sagit, Rauan"]
[Result "1-0"]
[TimeControl "90 minutes for 40 moves + 30 minutes for the rest of the game + 30 seconds per move from move one."]
[WhiteTitle "IM"]
[BlackTitle "IM"]
[WhiteFideId "1701754"]
[BlackFideId "1708376"]
[WhiteElo "2546"]
[BlackElo "2443"]

1. e4 c5 2. Nf3 d6 3. Bb5+ Nd7 4. d4 cxd4 5. Qxd4 a6 6. Bxd7+ Bxd7 7. Nc3 Rc8 8. e5 dxe5 9. Nxe5 Bc6 10.
Qxd8+ Rxd8 11. Nxc6 bxc6 12. Be3 e6 13. Na4 Nf6 14. Ke2 Nd5 15. Bd2 Bb4 16. c3 Bd6 17. g3 Rb8 18. Rad1 Ke7 19.
c4 Nb6 20. Nxb6 Rxb6 21. Bc3 f6 22. Rd2 Rhb8 23. Rhd1 c5 24. b3 Rc6 25. f4 Rb7 26. Kf3 Bb8 27. Rd8 Bd6 28. Rh8 h6 29.
g4 Rb8 30. Rxd6 Rxd6 31. Rxb8 Rd3+ 32. Ke4 Rxc3 33. Rb7+ Kd6 34. Rb6+ Ke7 35. f5 exf5+ 36. gxf5 Rc2 37. Rxa6 Re2+ 38.
Kd5 Re5+ 39. Kc6 Rxf5 40. Ra7+ Ke6 41. Rxg7 Rf2 42. a4 Rxh2 43. Kxc5 f5 44. a5 f4 45. a6 Ra2 46. Rg6+ Ke5 47.
Rxh6 f3 48. Kb5 Ra1 49. Rh2 Kd4 50. c5 Rb1 51. b4 Kc3 52. Rh3 Rxb4+ 53. Kc6 1-0

[Event "Elitserien 2019/2020, round 1-3"]
[Site "Uppsala University, Gamla torget, Uppsala, Sweden"]
[Date "2019.10.20"]
[Round "3.10"]
[White "Grigorov, Grigor"]
[Black "Seo, Jung Min"]
[Result "1/2-1/2"]
[TimeControl "90 minutes for 40 moves + 30 minutes for the rest of the game + 30 seconds per move from move one."]
[WhiteTitle "GM"]
[BlackTitle "FM"]
[WhiteFideId "2907313"]
[BlackFideId "1734687"]
[WhiteElo "2504"]
[BlackElo "2437"]

1. d4 Nf6 2. c4 b6 3. Nf3 Bb7 4. g3 e6 5. Bg2 Bb4+ 6. Bd2 a5 7. O-O O-O 8. Bf4 Be7 9. Qc2 Be4 10.
Qc1 Bb7 11. Rd1 d6 12. Nc3 Ne4 13. Nxe4 Bxe4 14. Qe3 Bb7 15. Qd3 Nd7 16. e4 c5 17. Bxd6 Bxd6 18. dxc5 Bxc5 19. Qxd7 Bxe4 20.
Ne5 Bxg2 21. Qxd8 Rfxd8 22. Kxg2 Kf8 23. Nc6 1/2-1/2

[Event "Elitserien 2019/2020, round 1-3"]
[Site "Uppsala University, Gamla torget, Uppsala, Sweden"]
[Date "2019.10.20"]
[Round "3.11"]
[White "Lokander, Martin"]
[Black "Lindberg, Bo"]
[Result "1/2-1/2"]
[TimeControl "90 minutes for 40 moves + 30 minutes for the rest of the game + 30 seconds per move from move one."]
[WhiteTitle "IM"]
[BlackTitle "FM"]
[WhiteFideId "1709569"]
[BlackFideId "1705997"]
[WhiteElo "2396"]
[BlackElo "2390"]

1. d4 Nf6 2. c4 e6 3. Nc3 Bb4 4. e3 Ne4 5. Qc2 f5 6. Bd3 O-O 7. Nge2 b6 8. a3 Bxc3+ 9. Nxc3 Nxc3 10.
Qxc3 Bb7 11. O-O d6 12. f3 Nd7 13. b4 Qe7 14. Bb2 a5 15. Qd2 e5 16. Bc2 Kh8 17. Ba4 e4 18. Bxd7 Qxd7 19.
d5 axb4 20. axb4 Rxa1 21. Bxa1 exf3 22. Rxf3 Qe7 23. b5 Bc8 24. Bd4 Bd7 25. Rg3 Rf7 26. Qf2 Qe4 27. h3 h6 28. Rf3 Kh7 29.
h4 Qg4 30. Rf4 Qd1+ 31. Kh2 Re7 32. Rxf5 Bxf5 33. Qxf5+ Kg8 34. Qc8+ Kf7 35. Qf5+ Kg8 36. Qc8+ Kf7 37. Qf5+ 1/2-1/2

[Event "Elitserien 2019/2020, round 1-3"]
[Site "Uppsala University, Gamla torget, Uppsala, Sweden"]
[Date "2019.10.20"]
[Round "3.12"]
[White "Wedberg, Tom"]
[Black "Hauge, Lars Oskar"]
[Result "0-1"]
[TimeControl "90 minutes for 40 moves + 30 minutes for the rest of the game + 30 seconds per move from move one."]
[WhiteTitle "GM"]
[BlackTitle "IM"]
[WhiteFideId "1700073"]
[BlackFideId "1509276"]
[WhiteElo "2414"]
[BlackElo "2483"]

1. e4 e6 2. d4 d5 3. Nc3 Nf6 4. Bg5 Be7 5. e5 Nfd7 6. Bxe7 Qxe7 7. Qd2 a6 8. f4 c5 9. Nf3 Nc6 10.
dxc5 Nxc5 11. O-O-O b5 12. Qe3 Qa7 13. Kb1 Bd7 14. Nd4 b4 15. Nxc6 Bxc6 16. Ne2 O-O 17. Nd4 Ne4 18. Bd3 Rab8 19.
Rde1 Ba8 20. g4 Qc7 21. Rhf1 a5 22. Nb5 Qb6 23. Qh3 f6 24. Bxe4 dxe4 25. Nd6 fxe5 26. fxe5 Qd4 27. Qg3 e3 28.
b3 Rxf1 29. Rxf1 e2 0-1

[Event "Elitserien 2019/2020, round 1-3"]
[Site "Uppsala University, Gamla torget, Uppsala, Sweden"]
[Date "2019.10.20"]
[Round "3.13"]
[White "Renman, Nils-Gustaf"]
[Black "Suarez Garcia, Carlos"]
[Result "1/2-1/2"]
[TimeControl "90 minutes for 40 moves + 30 minutes for the rest of the game + 30 seconds per move from move one."]
[WhiteTitle "IM"]
[BlackTitle "IM"]
[WhiteFideId "1700367"]
[BlackFideId "22230858"]
[WhiteElo "2340"]
[BlackElo "2437"]

1. d4 d6 2. Nf3 g6 3. c4 Bg7 4. Nc3 c5 5. d5 Bxc3+ 6. bxc3 f5 7. Bg5 Qa5 8. Qc2 Nf6 9. Bxf6 exf6 10.
h4 h5 11. e3 Nd7 12. Nd2 Ne5 13. Be2 Bd7 14. a4 Kf7 15. g3 a6 16. O-O Rhb8 17. f4 Ng4 18. Bxg4 hxg4 19. e4 Qc7 20.
h5 Rh8 21. hxg6+ Kxg6 22. Kg2 Rh3 23. Rh1 fxe4 24. Nxe4 Bf5 25. Rxh3 gxh3+ 26. Kh2 Re8 27. Re1 Qe7 28. Qd1 Bxe4 29.
Qg4+ Kf7 30. Qh5+ Kf8 31. Qh8+ Kf7 32. Qh5+ Kg8 33. f5 Qe5 34. Qg6+ Kf8 35. Rxe4 1/2-1/2

[Event "Elitserien 2019/2020, round 1-3"]
[Site "Uppsala University, Gamla torget, Uppsala, Sweden"]
[Date "2019.10.20"]
[Round "3.14"]
[White "Moreau, Teodor"]
[Black "Arman, Deniz"]
[Result "1/2-1/2"]
[TimeControl "90 minutes for 40 moves + 30 minutes for the rest of the game + 30 seconds per move from move one."]
[WhiteTitle "FM"]
[BlackTitle "FM"]
[WhiteFideId "1701177"]
[BlackFideId "6302106"]
[WhiteElo "2339"]
[BlackElo "2333"]

1. d4 Nf6 2. Nf3 g6 3. g3 Bg7 4. Bg2 O-O 5. c4 d5 6. cxd5 Nxd5 7. O-O Nb6 8. Nc3 Nc6 9. Bf4 Bg4 10.
h3 Bxf3 11. Bxf3 Nxd4 12. Bxb7 Rb8 13. Bg2 Ne6 14. Be3 c5 15. Qc1 Nc4 16. Rb1 Nd4 17. Bxd4 cxd4 18. Ne4 Rc8 19. Qd1 Qa5 20.
Qb3 Bh6 21. h4 Rfd8 22. a3 Kf8 23. Qd3 Qb6 24. b4 Ne5 25. Qb3 d3 26. exd3 Rxd3 27. Qa2 Qd4 28. Qe2 Rd8 29. Nc5 Rd2 30.
Qe4 Ng4 31. Qxd4 R2xd4 32. Rb3 Rd2 33. a4 Ra2 34. Bf3 Ne5 35. Re1 Bg7 36. Bg2 Rdd2 37. Rf1 Ng4 38. Ne4 Rdc2 39. Rd3 Be5 40.
Bf3 Nh6 41. Rd5 f6 42. Nc5 Bd6 43. Ne6+ Ke8 44. Ra5 Bxb4 45. Rxa7 Rc8 46. Rb1 Bd6 47. Bb7 Bc5 48. Nxc5 Rxc5 49.
Re1 Nf5 50. h5 gxh5 51. Bf3 Kf8 52. Be4 Re5 53. Kf1 h4 54. gxh4 Nxh4 55. Bxh7 Rxe1+ 56. Kxe1 Nf3+ 57. Kf1 Nh2+ 58.
Kg2 Ng4 59. Kg3 Nxf2 60. a5 Nd1 61.
a6 Ra3+ 62. Kf4 Nc3 63. Ra8+ Kg7 64. Bg8 Nb5 65. Kf5 Nc7 66. Ra7 Ra5+ 67. Kg4 Rxa6 68. Rxc7 Kxg8 69. Rxe7 Ra5 70. Kf4 Kf8 71.
Rb7 Re5 72. Ra7 Re7 73. Rxe7 Kxe7 74. Kf5 Kd6 75. Kxf6 1/2-1/2

[Event "Elitserien 2019/2020, round 1-3"]
[Site "Uppsala University, Gamla torget, Uppsala, Sweden"]
[Date "2019.10.20"]
[Round "3.15"]
[White "Uddenfeldt, Dan"]
[Black "Bellon Lopez, Juan Manuel"]
[Result "0-1"]
[TimeControl "90 minutes for 40 moves + 30 minutes for the rest of the game + 30 seconds per move from move one."]
[BlackTitle "GM"]
[WhiteFideId "1700243"]
[BlackFideId "2200031"]
[WhiteElo "2352"]
[BlackElo "2334"]

1. d4 Nf6 2. Nf3 d5 3. c4 c6 4. cxd5 cxd5 5. Nc3 Nc6 6. Bf4 e6 7. e3 Bd6 8. Bg3 Bxg3 9. hxg3 Ne4 10.
Nxe4 dxe4 11. Nd2 e5 12. dxe5 Qa5 13. Qc2 Bf5 14. g4 Bxg4 15. f3 exf3 16. gxf3 Bxf3 17. Rxh7 Rxh7 18. Qxh7 O-O-O 19. Bd3 Nxe5 20. Rc1+ Kb8 21. Rc3 Qd5 22. Qh2 Ka8 23. Bc4 Qd6 24. e4 Bxe4 25. Qe2 Bc6 0-1

[Event "Elitserien 2019/2020, round 1-3"]
[Site "Uppsala University, Gamla torget, Uppsala, Sweden"]
[Date "2019.10.20"]
[Round "3.16"]
[White "Grandell, Anders"]
[Black "Thorn, Eric"]
[Result "1/2-1/2"]
[TimeControl "90 minutes for 40 moves + 30 minutes for the rest of the game + 30 seconds per move from move one."]
[WhiteTitle "FM"]
[BlackTitle "FM"]
[WhiteFideId "1709771"]
[BlackFideId "1710729"]
[WhiteElo "2289"]
[BlackElo "2212"]

1. d4 Nf6 2. c4 e6 3. Nf3 d5 4. Nc3 dxc4 5. e3 a6 6. a4 c5 7. Bxc4 Nc6 8. O-O Be7 9. dxc5 Qxd1 10.
Rxd1 Bxc5 11. h3 Bb4 12. Na2 Be7 13. Bd2 Ne4 14. Be1 Bf6 15. Rab1 Bd7 16. b4 Ne7 17. Bd3 Nd6 18. e4 Ng6 19.
Bc3 Bxc3 20. Nxc3 Rc8 21. Rdc1 Ke7 22. e5 Nc4 23. Bxg6 hxg6 24. Ne4 Na3 25. Ra1 Nc2 26. Rab1 Na3 27.
Ra1 Nc2 28. Rab1 Na3 1/2-1/2

[Event "Elitserien 2019/2020, round 1-3"]
[Site "Uppsala University, Gamla torget, Uppsala, Sweden"]
[Date "2019.10.20"]
[Round "3.17"]
[White "Gdanski, Jacek"]
[Black "Hammer, Jon Ludvig"]
[Result "1/2-1/2"]
[TimeControl "90 minutes for 40 moves + 30 minutes for the rest of the game + 30 seconds per move from move one."]
[WhiteTitle "GM"]
[BlackTitle "GM"]
[WhiteFideId "1100106"]
[BlackFideId "1503707"]
[WhiteElo "2476"]
[BlackElo "2635"]

1. Nf3 d5 2. c4 d4 3. g3 Nc6 4. Bg2 e5 5. d3 Nf6 6. O-O Bd6 7. e3 O-O 8. exd4 exd4 9. Bg5 h6 10.
Bxf6 Qxf6 11. Nbd2 Qd8 12. a3 a5 13. Re1 a4 14. b4 axb3 15. Qxb3 Na5 16. Qc2 c5 17. Ne4 Ra6 18. Nxd6 Rxd6 19.
Nd2 b6 20. Rab1 Bb7 21. Bxb7 Nxb7 22. Qa4 Na5 1/2-1/2

[Event "Elitserien 2019/2020, round 1-3"]
[Site "Uppsala University, Gamla torget, Uppsala, Sweden"]
[Date "2019.10.20"]
[Round "3.18"]
[White "Blomqvist, Erik"]
[Black "Ornstein, Axel"]
[Result "1-0"]
[TimeControl "90 minutes for 40 moves + 30 minutes for the rest of the game + 30 seconds per move from move one."]
[WhiteTitle "GM"]
[BlackTitle "IM"]
[WhiteFideId "1709437"]
[BlackFideId "1700111"]
[WhiteElo "2519"]
[BlackElo "2297"]

1. e4 e5 2. Nf3 Nc6 3. Bb5 a6 4. Ba4 Nf6 5. O-O Be7 6. d3 b5 7. Bb3 O-O 8. Nc3 d6 9. a3 Bg4 10.
Be3 Qd7 11. h3 Bh5 12. Nd5 Na5 13. Nxf6+ Bxf6 14. Ba2 Rae8 15. g4 Bg6 16. Kg2 h6 17. g5 hxg5 18. Nxg5 Bxg5 19. Bxg5 Kh8 20.
f4 f5 21. fxe5 Rxe5 22. Bd2 Nc6 23. Bc3 Ree8 24. Rf4 Qe7 25. exf5 Qg5+ 26. Qg4 Rxf5 27. Rxf5 Qxf5 28. Rf1 Qxg4+ 29. hxg4 Ne5 30. Kg3 c5 31.
Bd5 Bh7 32. Rh1 g6 33. Bf7 1-0

[Event "Elitserien 2019/2020, round 1-3"]
[Site "Uppsala University, Gamla torget, Uppsala, Sweden"]
[Date "2019.10.20"]
[Round "3.19"]
[White "Heberla, Bartlomiej"]
[Black "Neiksans, Arturs"]
[Result "1-0"]
[TimeControl "90 minutes for 40 moves + 30 minutes for the rest of the game + 30 seconds per move from move one."]
[WhiteTitle "GM"]
[BlackTitle "GM"]
[WhiteFideId "1115120"]
[BlackFideId "11601388"]
[WhiteElo "2552"]
[BlackElo "2577"]

1. e4 e5 2. Nf3 Nc6 3. Bb5 a6 4. Ba4 Nf6 5. O-O Be7 6. d3 b5 7. Bb3 d6 8. c3 O-O 9. Re1 Na5 10.
Bc2 c5 11. Nbd2 Re8 12. Nf1 h6 13. Ng3 Bf8 14. h3 Nc6 15. d4 cxd4 16. cxd4 a5 17. Be3 Bd7 18. Rc1 a4 19. d5 Nb4 20. Bb1 Na6 21. b3 axb3 22.
axb3 Qa5 23. Nh4 g6 24. f4 exf4 25. Bxf4 Qb4 26. Bd2 Qd4+ 27. Kh2 Rac8 28. Nf3 Qb2 29. Rxc8 Rxc8 30. Be3 Bg7 31.
Re2 Qc3 32. Bd2 Qc5 33. Qe1 b4 34. Bd3 Qb6 35. Be3 Qb7 36. Bd4 Bb5 37. Bxb5 Qxb5 38. Qa1 Ne8 39. Bxg7 Nxg7 40. Qf6 Nc5 41.
Qf4 Nxb3 42. Qxh6 Qd3 43. Rf2 Rc3 44. Ra2 Rc8 45. Ng5 Qc3 46. Ra7 Rc7 47. Ra8+ 1-0